 Dungeon Crawl Stone Soup version 0.31.0-11-ge490571c62 (webtiles) character file.

Game seed: 4526291046203063415

265873 SlowGraham the Impaler (level 20, -16/159 HPs)
             Began as a Merfolk Gladiator on Jan 31, 2024.
             Was an Initiate of Gozag.
             Demolished by a vault warden
             ... wielding a +0 broad axe
              (21 damage)
             ... on level 2 of the Vaults.
             The game lasted 04:52:39 (48132 turns).

SlowGraham the Impaler (Merfolk Gladiator)         Turns: 48132, Time: 04:52:40

Health: -16/159    AC: 30    Str: 21    XL:     20   Next: 8%
Magic:  20/20      EV: 19    Int:  8    God:    Gozag
Gold:   1869       SH: 21    Dex: 23    Spells: 19/19 levels left

rFire   . . .        a - +6 double sword (holy)
rCold   + + .        U - +0 tower shield
rNeg    . . .        k - +4 chain mail {rC+}
rPois   +            L - +2 hat {Will+}
rElec   +            l - +0 cloak of the Frog {rPois rC+}
rCorr   +            w - +0 pair of gloves {Stlth+}
SInv    .            E - +0 pair of boots "Xodiargh" {rElec rPois}
Will    +++..        r - amulet of the acrobat Stlth
                     P - ring of the Tortoise {AC+8}
HPRegen 0.46/turn    q - ring "Sole" {Will+ rCorr Dex+6}
MPRegen 0.17/turn

%: acrobat
@: gold aura, studying 2 skills
A: (nimble swimmer 2), mertail
}: 2/15 runes: decaying, gossamer
a: Renounce Religion, Potion Petition, Call Merchant, Bribe Branch


You were on level 2 of the Vaults.
You worshipped Gozag.
Gozag was most pleased with you.
You visited 7 branches of the dungeon, and saw 33 of its levels.
You also visited: Ossuary, Gauntlet, Ice Cave and Volcano.

You collected 15038 gold pieces.
You spent 4610 gold pieces at shops.
You paid 8559 gold pieces to Gozag.

Inventory:

Hand Weapons
 a - a +6 double sword of holy wrath (weapon)
 b - a +3 scimitar of flaming
 J - a +1 demon trident of flaming
Missiles
 t - 5 boomerangs
 v - 10 javelins (quivered)
 x - 28 poisoned darts
 F - 5 curare-tipped darts
Armour
 k - a +4 chain mail of cold resistance (worn)
 l - the +0 cloak of the Frog (worn) {rPois rC+}
   (You found it on level 4 of the Dungeon)

   rC+:       It protects you from cold.
   rPois:     It protects you from poison
 p - a +2 kite shield of cold resistance
 w - a +0 pair of gloves of stealth (worn)
 E - the +0 pair of boots "Xodiargh" (worn) {rElec rPois}
   (You found it on level 8 of the Dungeon)

   rElec:     It insulates you from electricity.
   rPois:     It protects you from poison
 L - a +2 hat of willpower (worn)
 U - a +0 tower shield (worn)
Jewellery
 f - the ring "Sevvac" {rPois rF+ Will+}
   (You found it in a Gauntlet)

   [ring of poison resistance]

   rF+:       It protects you from fire.
   rPois:     It protects you from poison Will+: It increases your willpower.
 q - the ring "Sole" (right hand) {Will+ rCorr Dex+6}
   (You acquired it on level 1 of the Swamp)

   [ring of dexterity]

   Dex+6:     It affects your dexterity (+6).
   Will+:     It increases your willpower.
   rCorr:     It protects you from acid and corrosion.
 r - an amulet of the acrobat (around neck)
 s - a ring of see invisible
 y - the ring "Jesulusu" {rC+ Stlth+}
   (You found it on level 5 of the Lair of Beasts)

   [ring of protection from cold]

   rC+:       It protects you from cold.
   Stlth+:    It makes you more stealthy.
 A - a ring of positive energy
 P - the ring of the Tortoise (left hand) {AC+8}
   (You bought it in a shop on level 15 of the Dungeon)

   [ring of protection]

   AC+8:      It affects your AC (+8).
 W - the ring of Xeuruh {Fly MP+9 Slay+3}
   (You took it off a meliai on level 3 of the Spider Nest)

   [ring of flight]

   Slay+3:    It affects your accuracy & damage with ranged weapons and melee
   (+3).
   MP+9:      It affects your magic capacity (+9).
   Fly:       It grants you flight.
Wands
 d - a wand of charming (3)
 o - a wand of light (5)
 D - a wand of digging (8)
 I - a wand of iceblast (4)
 S - a wand of mindburst (14)
Scrolls
 c - 8 scrolls of enchant armour
 e - a scroll of butterflies
 j - a scroll of immolation
 u - 6 scrolls of fog
 O - 2 scrolls of revelation
 R - 10 scrolls of identify
 T - 6 scrolls of teleportation
 V - a scroll of fear
 X - 2 scrolls of poison
 Y - 6 scrolls of silence {!r}
Potions
 g - 4 potions of enlightenment
 h - 5 potions of might
 i - 5 potions of resistance
 m - 3 potions of cancellation
 n - 12 potions of mutation
 z - 5 potions of invisibility
 B - a potion of magic
 C - 14 potions of ambrosia
 H - 3 potions of haste
 Q - a potion of curing
 Z - 2 potions of berserk rage
Miscellaneous
 G - a lightning rod (1/4)
 K - a condenser vane (inert)
 M - a phantom mirror
 N - a sack of spiders


   Skills:
 + Level 14.1 Fighting
 - Level 16.0 Long Blades
 - Level 20.0 Polearms
 + Level 15.3 Throwing
 + Level 10.1 Armour
 + Level 18.3 Dodging
 * Level 14.3 Shields
 + Level 7.3 Evocations


You had 19 spell levels left.
You didn't know any spells.
Your spell library contained the following spells:

 Spells                   Type           Power      Damage    Failure   Level
 Apportation              Tloc           0%         N/A       99%         1
 Foxfire                  Conj/Fire      0%         2x1d4     99%         1
 Necrotise                Necr           0%         1d4       99%         1
 Sandblast                Erth           0%         2d4       99%         1
 Slow                     Hex            0%         N/A       99%         1
 Sting                    Conj/Alch      0%         1d3       99%         1
 Summon Small Mammal      Summ           0%         N/A       99%         1
 Ensorcelled Hibernation  Hex/Ice        0%         N/A       100%        2
 Mercury Vapours          Alch/Air       0%         N/A       100%        2
 Confusing Touch          Hex            0%         N/A       100%        3
 Frozen Ramparts          Ice            0%         1d1       100%        3
 Fugue of the Fallen      Necr           0%         N/A       100%        3
 Hailstorm                Conj/Ice       0%         3d5       100%        3
 Inner Flame              Hex/Fire       0%         N/A       100%        3
 Ozocubu's Armour         Ice            0%         N/A       100%        3
 Passwall                 Erth           0%         N/A       100%        3
 Sigil of Binding         Hex            0%         N/A       100%        3
 Stone Arrow              Conj/Erth      0%         3d7       100%        3
 Summon Ice Beast         Ice/Summ       0%         N/A       100%        3
 Swiftness                Air            0%         N/A       100%        3
 Tukima's Dance           Hex            0%         N/A       100%        3
 Vampiric Draining        Necr           0%         2d6       100%        3
 Anguish                  Hex/Necr       0%         N/A       100%        4
 Brom's Barrelling Bould  Conj/Erth      0%         2d3       100%        4
 Dimensional Bullseye     Hex/Tloc       0%         N/A       100%        4
 Flame Wave               Conj/Fire      0%         2d4       100%        4
 Iskenderun's Mystic Bla  Conj/Tloc      0%         2d3       100%        4
 Leda's Liquefaction      Alch/Erth      0%         N/A       100%        4
 Manifold Assault         Tloc           0%         N/A       100%        4
 Petrify                  Alch/Erth      0%         N/A       100%        4
 Sticky Flame             Fire/Alch      0%         2d4       100%        4
 Summon Blazeheart Golem  Fire/Summ      0%         N/A       100%        4
 Borgnjor's Vile Clutch   Necr/Erth      0%         N/A       100%        5
 Fireball                 Conj/Fire      0%         3d3       100%        5
 Freezing Cloud           Conj/Ice/Air   0%         6-21      100%        5
 Iskenderun's Battlesphe  Conj           0%         2d6       100%        5
 Metabolic Englaciation   Hex/Ice        0%         N/A       100%        5
 Conjure Ball Lightning   Conj/Air       0%         3x3d6     100%        6
 Death Channel            Necr           0%         N/A       100%        6
 Sculpt Simulacrum        Ice/Alch       0%         N/A       100%        6
 Haunt                    Necr/Summ      0%         N/A       100%        7
 Orb of Destruction       Conj           0%         9d5       100%        7
 Spellforged Servitor     Conj/Summ      0%         N/A       100%        7
 Borgnjor's Revivificati  Necr           0%         N/A       100%        8
 Death's Door             Necr           0%         N/A       100%        9
 Fire Storm               Conj/Fire      0%         5d1       100%        9
 Animate Dead             Necr           Unusable   N/A       N/A         4

Dungeon Overview and Level Annotations

Branches:
Dungeon (15/15)            Temple (1/1) D:4            Lair (5/5) D:8
  Swamp (4/4) Lair:2       Spider (4/4) Lair:3        Slime (0/5) Lair:5
    Orc (2/2) D:11            Elf (0/3) Orc:2        Vaults (2/5) D:13
 Depths (0/4) D:15        Ossuary (visited)           IceCv (visited)
Volcano (visited)         Gauntlet (visited)
  Crypt: Vaults:2-3

Altars:
Ashenzari
Cheibriados
Dithmenos
Elyvilon
Fedhas
Gozag
Hepliaklqana
Kikubaaqudgha
Makhleb
Nemelex Xobeh
Okawaru
Qazlal
Ru
Sif Muna
Trog
Uskayaw
Vehumet
Wu Jian
Xom
Yredelemnul
Zin
The Shining One

Shops:
D:4 *   D:8 (   D:9 (   D:10 =   D:11 *   D:15 =   Orc:1 *(   Orc:2 :([*
Vaults:1 =

Annotations:
D:15 2 runed translucent doors, AyAyRon's ghost, adept DsFi
Spider:4 Roxanne
Vaults:1 exclusion: 2 doors
Vaults:2 Saint Roka


Innate Abilities, Weirdness & Mutations

((You are very nimble when in or above water. (Stealth+, EV+, Speed+++)))
Your lower body shifts to a powerful aquatic tail in water.


Message History

The vault sentinel blows a loud note on a signal horn!
A yaktaur comes into view.
You hear a shout! x6
You closely miss the vault warden.
The vault warden is severely wounded.
You hear a shout!
The orc knight is engulfed in freezing vapours.
The orc knight closely misses you.
The vault warden is engulfed in freezing vapours.
The vault warden hits you but does no damage.
You slash the vault warden!
The vault warden is severely wounded.
The orc knight is engulfed in freezing vapours.
You block the orc knight's attack.
The ironbound thunderhulk barely misses you.
You slice the vault warden!!
The vault warden is almost dead.
You block the vault warden's attack.
The vault sentinel is engulfed in poison gas.
The vault sentinel is poisoned.
The vault sentinel blows a loud note on a signal horn!
The yaktaur is distracted by your dazzling golden aura.
A yaktaur comes into view.
The vault warden is engulfed in freezing vapours.
The yaktaur is distracted by your dazzling golden aura.
The yaktaur shouts! x2; You hear a shout! x2
You hit the vault warden.
The vault warden is almost dead.
The vault warden looks more healthy.
The yaktaur is no longer distracted by gold.
The ironbound thunderhulk hits you with a +0 dire flail!!
The vault warden hits you with a +3 great sword of flaming!!
* * * LOW HITPOINT WARNING * * *
The vault warden burns you!
* * * LOW HITPOINT WARNING * * *
The vault sentinel is engulfed in poison gas.
The vault sentinel looks even sicker.
The orc knight is engulfed in freezing vapours.
You feel better.
The orc knight looks more healthy.
The vault warden hits you with a +3 great sword of flaming!!
* * * LOW HITPOINT WARNING * * *
The vault warden burns you.
* * * LOW HITPOINT WARNING * * *
The vault sentinel is engulfed in poison gas.
The vault sentinel looks even sicker.
The yaktaur wields a +0 arbalest.
The yaktaur shoots a bolt.
You block the bolt.
The vault warden is engulfed in freezing vapours.
The vault warden hits you with a +0 broad axe!!
You die...
Your body crumbles into a pile of gold.

#....................
########.........#########..
.................#.. #..
.................+. #..
.................#. #..
......c....§§§...# #..
......c..c...§...# #..
.........cO○p°☼..#
...........@po☼..#
#############p.°§# #.c.○§...
#......!. #p..○....
#ccp..... #o.......
#........ '


You could see 2 vault wardens, an ironbound thunderhulk (strong), an orc knight,
a vault sentinel (strong, very poisoned, catching breath) and 5 yaktaurs.

Vanquished Creatures
  Bai Suzhen (Swamp:3)
  A bone dragon (Vaults:2)
  Mlioglotl (Spider:1)
  Rupert (Spider:1)
  A lich (Vaults:1)
  A sphinx (Vaults:1)
  Frances (Spider:2)
  Kirke (Lair:4)
  3 thorn hunters
  A tengu reaver (Vaults:2)
  Aizul (Vaults:1)
  A fenstrider witch (Swamp:3)
  3 ghost moths
  A frost giant (Vaults:1)
  7 emperor scorpions
  Louise (Spider:1)
  2 vault wardens (Vaults:1)
  2 orc warlords
  A reaper (IceCv)
  6 ironbound preservers
  A stone giant (Vaults:1)
  2 ironbound thunderhulks (Vaults:1)
  4 broodmothers
  A formless jellyfish (Vaults:1)
  5 eleionomae
  A deep elf death mage (Vaults:1)
  3 spark wasps
  2 bunyips
  A minotaur (Gauntlet)
  A deep elf annihilator (Vaults:1)
  4 dire elephants (Vaults:1)
  An ettin (Orc:2)
  A quicksilver dragon zombie (D:15)
  2 crystal guardians (Vaults:2)
  An entropy weaver (Spider:3)
  2 yaktaur captains (Vaults:1)
  2 fire dragons
  23 hydras
  An entropy weaver (shapeshifter) (D:14)
  2 great orbs of eyes (Vaults:2)
  A sphinx zombie (D:15)
  A catoblepas (D:14)
  A peacekeeper (Vaults:2)
  A spriggan air mage (Swamp:4)
  4 ironbound frosthearts
  5 boulder beetles
  A death knight (D:13)
  A jorogumo (Spider:3)
  12 centaur warriors
  10 alligators
  2 two-headed ogres
  The ghost of Skeral the Gouger, a journeyman FeSh of Ru (D:11)
  5 orc high priests
  A sphinx skeleton (D:15)
  Urug (Lair:2)
  8 demonic crawlers
  18 death yaks
  A vampire mage (D:15)
  Sonja (Lair:3)
  7 skeletal warriors
  10 pharaoh ants
  A goliath frog (Lair:5)
  12 deep trolls
  7 spriggan druids
  3 bog bodies
  A tengu zombie (Vaults:2)
  9 orb spiders
  3 necromancers
  7 lindwurms
  14 swamp dragons
  7 ironbound convokers
  2 harpies
  7 steelbarb worms
  3 orc knights
  2 deep elf pyromancers
  7 orc sorcerers
  31 ugly things
  25 wolf spiders
  2 manticores
  Maurice (D:12)
  2 will-o-the-wisps (Swamp:4)
  7 black mambas
  10 cyclopes
  3 smoke demons (Volcano)
  10 elephants
  A kobold blastminer (Orc:2)
  4 moths of wrath
  2 ice statues (IceCv)
  11 meliai
  18 cane toads
  7 vault sentinels
  Maggie (Lair:2)
  A gargoyle (D:10)
  3 torpor snails
  5 ice devils (IceCv)
  7 komodo dragons
  5 yaktaurs
  4 freezing wraiths
  4 anaconda simulacra (IceCv)
  A queen bee (Lair:3)
  12 trolls
  Prince Ribbit (D:7)
  6 hornets
  4 polar bears
  15 blink frogs
  16 tyrant leeches
  23 tarantellas
  A centaur simulacrum (D:15)
  6 slime creatures
  28 jumping spiders
  14 culicivoras
  12 spriggans
  3 shadows
  4 vampires
  A dire elephant simulacrum (IceCv)
  A wraith (D:13)
  4 wyverns
  45 yaks
  5 basilisks
  4 hogs (Lair:4)
  46 redbacks
  5 wargs
  Menkaure (D:5)
  5 steam dragons
  18 vampire mosquitoes
  12 swamp worms
  2 acid dragons (D:12)
  A hydra simulacrum (IceCv)
  4 harpy simulacra (IceCv)
  2 hell hounds (Volcano)
  11 water moccasins
  22 orc warriors
  4 ice beasts
  2 laughing skulls (D:13)
  8 swamp drakes
  7 ogres
  3 black bears
  26 wolves
  9 centaurs
  An elf simulacrum (Vaults:2)
  An elf zombie (Ossuary)
  The ghost of babelphish the Digger, an amateur GrEE (D:5)
  14 bullfrogs
  A two-headed ogre simulacrum (IceCv)
  3 scorpions
  13 wights
  32 killer bees
  4 electric eels
  4 howler monkeys
  3 lava snakes (D:7)
  5 jellies
  4 bombardier beetles
  3 hounds
  18 orc priests
  3 iguanas
  2 sleepcaps
  A human zombie (Ossuary)
  Jessica (D:2)
  20 orc wizards
  4 scorpion zombies (Ossuary)
  3 spriggan simulacra (IceCv)
  A polar bear simulacrum (IceCv)
  3 mummies (Ossuary)
  12 adders
  4 gnolls (D:5)
  3 white imps
  4 adder zombies (Ossuary)
  11 dart slugs
  4 ribbon worms
  47 orcs
  10 ball pythons
  10 endoplasms
  7 giant cockroaches
  3 gnoll zombies (Ossuary)
  5 goblins
  6 hobgoblins
  4 jackals (D:1)
  2 quokkas
  5 bats
  6 frilled lizards
  A hobgoblin zombie (D:6)
  3 jackal zombies (Ossuary)
  A kobold (D:4)
  A kobold zombie (Ossuary)
  An orc zombie (D:6)
  5 rats
1132 creatures vanquished.

Vanquished Creatures (collateral kills)
  An eleionoma (Swamp:3)
  A skeletal warrior (D:12)
2 creatures vanquished.

Vanquished Creatures (others)
  Harold (D:9)
  A centaur warrior (Vaults:2)
  2 deep trolls (Vaults:2)
  A torpor snail (Spider:2)
  2 bloated husks
  8 foxfires (Swamp:4)
15 creatures vanquished.

Grand Total: 1149 creatures vanquished

Notes
Turn   | Place    | Note
-------+----------+-------------------------------------------
     0 | D:1      | SlowGraham the Merfolk Gladiator began the quest for the
                  | Orb.
     0 | D:1      | Reached XP level 1. HP: 16/16 MP: 1/1
    76 | D:1      | Reached XP level 2. HP: 22/22 MP: 2/2
   583 | D:1      | Reached XP level 3. HP: 27/27 MP: 3/3
   836 | D:1      | Found a faded altar of an unknown god.
   880 | D:2      | Noticed Jessica
   978 | D:2      | Killed Jessica
   979 | D:2      | Reached skill level 5 in Polearms
   979 | D:2      | Reached skill level 5 in Dodging
  1112 | D:2      | Reached XP level 4. HP: 31/33 MP: 4/4
  1493 | D:2      | Reached XP level 5. HP: 38/38 MP: 5/5
  1507 | D:2      | Reached skill level 6 in Polearms
  1954 | D:3      | Found an ancient bone altar of Kikubaaqudgha.
  2485 | D:3      | Reached skill level 1 in Armour
  2485 | D:3      | Reached XP level 6. HP: 36/44 MP: 6/6
  3050 | D:4      | Found a staircase to the Ecumenical Temple.
  3058 | Temple   | Entered the Ecumenical Temple
  3066 | Temple   | Became a worshipper of Gozag Ym Sagoz the Greedy
  3400 | D:4      | Reached skill level 7 in Polearms
  3813 | D:4      | Identified the +0 cloak of the Frog {rPois rC+}
  3828 | D:4      | Reached XP level 7. HP: 50/50 MP: 7/7
  4201 | D:4      | Found Peelid's CLEARANCE SALE!.
  4441 | D:5      | Entered Level 5 of the Dungeon
  4551 | D:5      | Noticed Menkaure
  4706 | D:5      | Killed Menkaure
  4868 | D:5      | Reached skill level 8 in Polearms
  5021 | D:5      | Found a transporter.
  5022 | D:5      | Noticed babelphish's ghost (amateur GrEE)
  5023 | D:5      | Identified the +11 great mace of Onwaico {holy, *Rage
                  | +Blink Str+5 Stlth+}
  5129 | D:5      | Reached XP level 8. HP: 57/57 MP: 8/8
  5143 | D:5      | Reached skill level 9 in Polearms
  5202 | D:5      | Found a transporter.
  5356 | D:4      | Bought a scroll of fog for 16 gold pieces
  5719 | D:6      | Found a sand-covered staircase.
  5813 | Ossuary  | Entered an ossuary
  6117 | Ossuary  | Reached XP level 9. HP: 57/65 MP: 9/9
  6289 | D:6      | Reached skill level 10 in Polearms
  7132 | D:7      | Noticed Prince Ribbit
  7151 | D:7      | Killed Prince Ribbit
  7387 | D:7      | Reached skill level 5 in Fighting
  7387 | D:7      | Reached skill level 5 in Throwing
  7409 | D:7      | Reached skill level 11 in Polearms
  7984 | D:8      | Bought 8 stones for 10 gold pieces
  8042 | D:8      | Reached XP level 10. HP: 73/74 MP: 10/10
  8189 | D:8      | Noticed a death yak
  8384 | D:8      | Noticed an orc sorcerer
  8384 | D:8      | Noticed an orc sorcerer
  8395 | D:8      | Paralysed by an orc sorcerer for 2 turns
  8404 | D:8      | Killed an orc sorcerer
  8405 | D:8      | Reached skill level 10 in Dodging
  8609 | D:8      | Identified the +0 pair of boots "Xodiargh" {rElec rPois}
  8660 | D:8      | Found a staircase to the Lair.
  8661 | D:8      | Noticed a death yak
  8897 | D:8      | Noticed a death yak
  9178 | D:9      | Identified a scroll of acquirement
  9178 | D:9      | Acquired 1271 gold pieces
  9257 | D:9      | Reached skill level 12 in Polearms
  9726 | D:9      | Noticed Harold
  9748 | D:9      | Killed Harold
  9906 | D:9      | Noticed a two-headed ogre
  9926 | D:9      | Killed a two-headed ogre
 10129 | D:9      | Reached skill level 13 in Polearms
 10678 | D:10     | Entered Level 10 of the Dungeon
 10750 | D:10     | Found an iron altar of Okawaru.
 10750 | D:10     | Found a sparkling altar of Nemelex Xobeh.
 10751 | D:10     | Found a glowing golden altar of the Shining One.
 10893 | D:10     | Reached skill level 5 in Armour
 10972 | D:10     | Reached XP level 11. HP: 66/81 MP: 11/11
 10973 | D:10     | Noticed a two-headed ogre
 10984 | D:10     | Killed a two-headed ogre
 11589 | D:11     | Found a staircase to the Orcish Mines.
 11604 | D:11     | Reached skill level 14 in Polearms
 11670 | D:11     | Noticed a cyclops
 11695 | D:11     | Killed a cyclops
 11727 | D:11     | Found a runed translucent door.
 11727 | D:11     | Noticed Skeral's ghost (journeyman FeSh)
 11833 | D:11     | Noticed a green ugly thing
 11857 | D:11     | Killed a green ugly thing
 11986 | D:11     | Noticed a cyclops
 12007 | D:11     | Killed a cyclops
 12503 | Orc:1    | Entered Level 1 of the Orcish Mines
 12507 | Orc:1    | Found a dark tunnel.
 12516 | Volcano  | Entered a volcano
 12579 | Volcano  | Noticed a lindwurm
 12635 | Volcano  | Killed a lindwurm
 12636 | Volcano  | Reached skill level 15 in Polearms
 12933 | Volcano  | Noticed a lindwurm
 12954 | Volcano  | Killed a lindwurm
 12966 | Volcano  | Noticed a fire dragon
 13010 | Volcano  | Killed a fire dragon
 13011 | Volcano  | Reached XP level 12. HP: 91/91 MP: 12/12
 13259 | Orc:1    | Found Xubruj's Gadget Gallery.
 13426 | Orc:2    | Entered Level 2 of the Orcish Mines
 13436 | Orc:2    | Reached skill level 16 in Polearms
 13480 | Orc:2    | Found Xupim's General Store.
 13857 | Orc:2    | Noticed an orc warlord
 13884 | Orc:1    | Killed an orc warlord
 14503 | Orc:2    | Bought the +6 trident of Extremism {freeze, Str+3 Dex+3
                  | Stlth+} for 880 gold pieces
 14677 | Orc:2    | Noticed an orc high priest
 14694 | Orc:2    | Killed an orc high priest
 14695 | Orc:2    | Reached skill level 17 in Polearms
 14812 | Orc:2    | Found Adiush's Antique Armour Boutique.
 14836 | Orc:2    | Noticed an ettin
 14843 | Orc:2    | Noticed an orc warlord
 14851 | Orc:2    | Killed an ettin
 14869 | Orc:2    | Killed an orc warlord
 15095 | Orc:1    | Found Anyst's Weapon Emporium.
 15282 | Orc:2    | Found a staircase to the Elven Halls.
 15583 | Orc:2    | Noticed an orc high priest
 15623 | Orc:2    | Killed an orc high priest
 15624 | Orc:2    | Reached XP level 13. HP: 80/101 MP: 13/13
 15728 | Orc:2    | Found Betamise's Antique Weapon Emporium.
 15829 | Orc:2    | Found Cokkecim's Book Shop.
 15869 | Orc:2    | Reached skill level 18 in Polearms
 17200 | Lair:1   | Entered Level 1 of the Lair of Beasts
 17216 | Lair:1   | Found a gate leading to a gauntlet.
 17234 | Gauntlet | Entered a Gauntlet
 17234 | Gauntlet | Found a transporter.
 17236 | Gauntlet | Noticed a reaper
 17237 | Gauntlet | Found a transporter.
 17242 | Gauntlet | Found a transporter.
 17242 | Gauntlet | Found a transporter.
 17243 | Gauntlet | Found a transporter.
 17243 | Gauntlet | Found a transporter.
 17264 | Gauntlet | Found a transporter.
 17264 | Gauntlet | Found the dreamshard necklace {Acrobat *Dream}
 17267 | Gauntlet | Found a transporter.
 17311 | Gauntlet | Found a transporter.
 17312 | Gauntlet | Noticed a great orb of eyes
 17327 | Gauntlet | Found a transporter.
 17331 | Gauntlet | Found a transporter.
 17339 | Gauntlet | Found a transporter.
 17670 | Gauntlet | Identified the ring "Sevvac" {rPois rF+ Will+}
 17675 | Gauntlet | Noticed a minotaur
 17688 | Gauntlet | Killed a minotaur
 17689 | Gauntlet | Reached skill level 10 in Fighting
 17703 | Gauntlet | Identified the +2 ring mail "Weis" {Int+2}
 18755 | Lair:2   | Noticed an eleionoma
 18755 | Lair:2   | Noticed Urug
 18755 | Lair:2   | Found a staircase to the Swamp.
 18766 | Lair:2   | Killed Urug
 18774 | Lair:2   | Killed an eleionoma
 18934 | Lair:2   | Reached skill level 19 in Polearms
 19164 | Lair:2   | Reached XP level 14. HP: 110/111 MP: 14/14
 19269 | Lair:2   | Reached skill level 15 in Dodging
 19557 | Lair:2   | Identified the +3 leather armour of the Tormentor {rC++
                  | Stlth-}
 20006 | Lair:2   | Noticed Maggie
 20013 | Lair:2   | Killed Maggie
 20841 | Lair:3   | Noticed Sonja
 20848 | Lair:3   | Killed Sonja
 21156 | Lair:3   | Found a hole to the Spider Nest.
 21393 | Lair:4   | Reached skill level 20 in Polearms
 21928 | Lair:4   | Noticed Kirke
 21942 | Lair:4   | Killed Kirke
 22153 | Lair:5   | Entered Level 5 of the Lair of Beasts
 22311 | Lair:5   | Reached XP level 15. HP: 120/120 MP: 15/15
 22674 | Lair:5   | Identified the ring "Jesulusu" {rC+ Stlth+}
 22780 | Lair:5   | Reached skill level 1 in Evocations
 22989 | Lair:5   | Found a staircase to the Slime Pits.
 23277 | Lair:5   | Found the +3 warlock's mirror {omnireflect}
 23729 | Orc:2    | Bought a scroll of teleportation for 45 gold pieces
 23729 | Orc:2    | Bought a scroll of enchant weapon for 112 gold pieces
 23729 | Orc:2    | Bought a potion of curing for 45 gold pieces
 23767 | Orc:1    | Bought a sack of spiders for 560 gold pieces
 23767 | Orc:1    | Bought a phantom mirror for 560 gold pieces
 23949 | D:5      | Killed babelphish's ghost
 24164 | D:11     | Bought a tapered glass wand for 148 gold pieces
 24350 | D:12     | Noticed Maurice
 24360 | D:12     | Reached skill level 1 in Shields
 24411 | D:12     | Killed Maurice
 24863 | D:13     | Found a frozen archway.
 24993 | IceCv    | Entered an ice cave
 26142 | D:13     | Reached skill level 5 in Evocations
 26372 | D:13     | Reached skill level 1 in Long Blades
 26493 | D:13     | Reached XP level 16. HP: 129/130 MP: 16/16
 26510 | D:13     | Found a gate to the Vaults.
 28393 | D:15     | Entered Level 15 of the Dungeon
 28530 | D:15     | Found a shimmering altar of Xom.
 28530 | D:15     | Found a shimmering altar of Xom.
 28793 | D:15     | Reached skill level 5 in Long Blades
 28954 | D:15     | Found a staircase to the Depths.
 28991 | D:15     | Found a shimmering altar of Xom.
 28992 | D:15     | Found a shimmering altar of Xom.
 29070 | D:14     | Reached skill level 5 in Shields
 29163 | D:15     | Found a shimmering altar of Xom.
 29180 | D:15     | Found a shimmering altar of Xom.
 29181 | D:15     | Found a shimmering altar of Xom.
 29183 | D:15     | Found a shimmering altar of Xom.
 29183 | D:15     | Found a shimmering altar of Xom.
 29208 | D:15     | Found a runed translucent door.
 29208 | D:15     | Found a runed translucent door.
 29217 | D:15     | Noticed a lich
 29217 | D:15     | Noticed AyAyRon's ghost (adept DsFi)
 29863 | D:15     | Identified the staff "Efeyps" {rC+ Fire Ice}
 30182 | D:11     | Killed Skeral's ghost
 30363 | Swamp:1  | Entered Level 1 of the Swamp
 30530 | D:8      | Bought a +3 scimitar of flaming for 314 gold pieces
 31327 | Swamp:1  | Identified the +1 robe of the Manifold Spines {rC++}
 31685 | Swamp:1  | Acquired 390 gold pieces
 31686 | Swamp:1  | Acquired a manual of Throwing
 31687 | Swamp:1  | Acquired the ring "Sole" {Will+ rCorr Dex+6}
 31803 | Swamp:1  | Found a hide-covered altar of Uskayaw.
 32234 | Swamp:2  | Reached XP level 17. HP: 134/137 MP: 17/17
 33219 | Swamp:3  | Noticed Bai Suzhen
 33247 | Swamp:3  | Killed Bai Suzhen
 33248 | Swamp:3  | Reached skill level 10 in Throwing
 34045 | Swamp:4  | Entered Level 4 of the Swamp
 34261 | Swamp:3  | Reached skill level 10 in Long Blades
 34419 | Swamp:4  | Got the Atlas of Pneumatic Blows
 36148 | Swamp:4  | Reached skill level 10 in Shields
 36395 | Swamp:4  | Got a decaying rune of Zot
 36788 | Spider:1 | Entered Level 1 of the Spider Nest
 37053 | Spider:1 | Noticed Louise
 37073 | Spider:1 | Killed Louise
 37401 | Spider:1 | Noticed Mlioglotl
 37420 | Spider:1 | Killed Mlioglotl
 37421 | Spider:1 | Reached XP level 18. HP: 80/144 MP: 18/18
 37676 | Spider:1 | Noticed Rupert
 37696 | Spider:1 | Killed Rupert
 37865 | Spider:1 | Identified the +1 great mace "Killer Klown's Death" {flame,
                  | rN+ Will++}
 39466 | Spider:2 | Noticed Frances
 39504 | Spider:2 | Killed Frances
 40827 | Spider:3 | Identified the ring of Xeuruh {Fly MP+9 Slay+3}
 42121 | Spider:4 | Entered Level 4 of the Spider Nest
 42797 | Spider:4 | Reached XP level 19. HP: 150/150 MP: 19/19
 42843 | Spider:4 | Noticed Roxanne
 43577 | Spider:4 | Reached skill level 15 in Long Blades
 43894 | Spider:4 | Got a gossamer rune of Zot
 44290 | D:15     | Bought the ring of the Tortoise {AC+8} for 1920 gold pieces
 44290 | D:15     | Found the ring of the Tortoise {AC+8}
 44363 | Vaults:1 | Entered Level 1 of the Vaults
 44391 | Vaults:1 | Paralysed by a formless jellyfish for 1 turns
 44489 | Vaults:1 | Identified the serpent talisman of Umewnewk {*Slow rN+++
                  | rCorr Int-3}
 44489 | Vaults:1 | Noticed Aizul
 44516 | Vaults:1 | Killed Aizul
 46989 | Vaults:1 | Found Waysk's Jewellery Shop.
 47197 | Vaults:2 | Noticed a bone dragon
 47216 | Vaults:2 | Killed a bone dragon
 47361 | Vaults:2 | Noticed Saint Roka
 47368 | Vaults:2 | Reached skill level 10 in Armour
 47383 | Vaults:1 | Reached skill level 15 in Throwing
 48075 | Vaults:2 | Reached XP level 20. HP: 159/159 MP: 20/20
 48132 | Vaults:2 | HP: 5/159 [vault warden/+3 great sword of flaming (5)]
 48132 | Vaults:2 | Demolished by a vault warden

Illustrated notes

Levels and vault maps discovered:
D:1:      lemuel_arrival_broad_hall, layout_loops_ring,
          shapermc_ecumenical_altar_petra
D:2:      layout_basic, minmay_snake_closets, uniq_jessica
D:3:      layout_basic, mainiacjoe_overflow_catwalk
D:4:      kennysheep_slugbush, layout_gridville, minmay_temple_entry_grid,
          solitary_fountain, minmay_misc_feat_ornament, roderic_lattice_a,
          nicolae_shop_clearance
D:5:      layout_cave_pools, gammafunk_ghost_smash, hangedman_decor_lopped,
          item_on_display_a, uniq_menkaure
D:6:      layout_basic, enter_ossuary_3, serial_bayou_crossing
D:7:      layout_loops_ring, chequers_serial_rivers_small_b,
          minmay_statues_item, kennysheep_boxes, uniq_prince_ribbit1
D:8:      cheibrodos_wizards_tower, layout_layer_cave, dpeg_lair_monsters
D:9:      layout_loops_corners, uniq_harold
D:10:     layout_loops_cross, gammafunk_temple_overflow_forgotten
D:11:     layout_roguey, minmay_orc_entry_temple_small, gammafunk_ghost_grave
D:12:     layout_rooms, uniq_maurice
D:13:     layout_basic, skrybe_vaults_entry_preservation,
          portal_ice_cave_entry_pillars_2
D:14:     layout_roguey, nicolae_lava_and_water, serial_glass, glass_columns_a,
          glass_columns_a, hangedman_decor_clover_reticule
D:15:     gammafunk_depths_entry_grave, layout_cave_pools, xom_shifter_show,
          muffindrake_ghost_dual_entry, st_stairs_13,
          nicolae_concentric_dashed_squares_wild, grunt_tough_drop
Temple:   nicolae_temple_bog_church
Lair:1:   layout_cave_shapes, gauntlet_entry_generic, lemuel_fruit_tree
Lair:2:   layout_loops_ring, alex1729_swamp_entry_worm_eleionoma,
          serial_bayou_shore_b, infiniplex_staircase_pool_2, uniq_urug,
          uniq_maggie
Lair:3:   layout_roguey [special_room_bee], spider_nest_entry_webs,
          serial_bayou_shore_a, uniq_sonja
Lair:4:   layout_big_grid, grunt_forest_stairs_clearing, uniq_kirke
Lair:5:   minmay_lair_end_frog_pond, layout_gridlike, slime_entry_2
Swamp:1:  layout_falls_marsh, nicolae_swamp_small_spring, swamp_pool_1_2,
          nicolae_swamp_godswood
Swamp:2:  layout_basic_swamp, evilmike_swamp_ruin_house_4, swamp_pool_1_2
Swamp:3:  layout_falls_marsh, evilmike_swamp_ruin_wall, swamp_pool_1_2,
          uniq_bai_suzhen
Swamp:4:  swamp_alternative, layout_basic_swamp,
          nicolae_swamp_decorative_isthmus
Spider:1: layout_spider_delve, drop_trap, uniq_louise, uniq_rupert,
          uniq_mlioglotl
Spider:2: layout_cave_pods, uniq_frances
Spider:3: layout_spider_delve
Spider:4: grunt_spider_rune_circles, nicolae_spider_webbed_stairs, uniq_roxanne
Orc:1:    layout_caves, enter_volcano_1, serial_shops, shop, basic_altar,
          nicolae_shop_gadgets
Orc:2:    grunt_orc_gardens, layout_caves, grunt_orc_garden, grunt_orc_garden,
          grunt_orc_garden, grunt_orc_garden, minmay_orc_temple_a
Vaults:1: st_star, nicolae_vaults_little_squares_1,
          nicolae_vaults_trapezoid_lopsided_2, nicolae_vaults_closet_pinwheel_3,
          ontoclasm_vaults_shuriken, dpeg_vaults_monster_box, v_alt_pattern_6,
          nicolae_vaults_surprise_closet, nicolae_vaults_storage_room_statues,
          hangedman_vaults_snaps, nicolae_vaults_little_ls, vaults_room_pools,
          grunt_vaults_funnel, vaults_room_stairs_pillars, layout_vaults_ring,
          serial_shops, nicolae_shop_peninsula, uniq_aizul
Vaults:2: minmay_crypt_entry_nasty_monster, v_misc_19,
          nicolae_vaults_tangent_ellipses, ontoclasm_vaults_spin,
          nicolae_vaults_trapezoid_lopsided_1, v_misc_33,
          nicolae_vaults_taking_the_gang_shopping, nicolae_vaults_alarming,
          nicolae_vaults_sesquioval_fish, nicolae_vaults_trapezoid_lopsided_1,
          layout_vaults_chaotic_city, serial_shops, nicolae_shop_hallway_stairs,
          uniq_saint_roka

Skill      XL: |  1  2  3  4  5  6  7  8  9 10 11 12 13 14 15 16 17 18 19 |
---------------+----------------------------------------------------------+-----
Polearms       | 5 6 7 8 9 11 13 15 17 19 20 | 20.0
Dodging        | 5 6 7 8 9 11 12 13 14 16 17 18 | 18.3
Armour         | 1 2 3 5 6 7 8 9 10 | 10.1
Fighting       | 4 5 6 7 9 10 11 13 14 | 14.1
Throwing       | 3 5 6 7 8 9 11 13 15 | 15.3
Evocations     | 5 6 7 |  7.3
Shields        | 3 7 10 12 14 | 14.3
Long Blades    | 2 7 11 14 16 | 16.0

Action                     |  1- 3 |  4- 6 |  7- 9 | 10-12 | 13-15 | 16-18 | 19-21 || total
---------------------------+-------+-------+-------+-------+-------+-------+-------++-------
  Melee: Trident           |    90 |   243 |   511 |   434 |       |       |       ||  1278
         Punch             |       |     5 |     9 |     8 |       |       |       ||    22
         Tailslap          |       |       |     6 |     1 |    53 |    79 |       ||   139
         Glaive            |       |       |       |   237 |   957 |       |       ||  1194
         Demon trident     |       |       |       |       |   406 |  1322 |       ||  1728
         Scimitar          |       |       |       |       |       |    89 |       ||    89
         Double sword      |       |       |       |       |       |   408 |   687 ||  1095
  Throw: Javelin           |     1 |       |     1 |       |       |    54 |    42 ||    98
         Stone             |     1 |     7 |    29 |    42 |    65 |    77 |       ||   221
         Throwing net      |     1 |       |     2 |    16 |       |     1 |       ||    20
         Boomerang         |       |       |    40 |   102 |   174 |   288 |       ||   604
         Dart              |       |       |       |       |     1 |     8 |    89 ||    98
 Invoke: Call Merchant     |       |       |     1 |     2 |     1 |     1 |       ||     5
         Potion Petition   |       |       |       |     1 |     2 |     5 |     3 ||    11
  Evoke: Wand              |       |       |       |    23 |    14 |    14 |     5 ||    56
         Lightning rod     |       |       |       |       |     4 |    11 |     5 ||    20
         Condenser vane    |       |       |       |       |       |     3 |     3 ||     6
         Sack of spiders   |       |       |       |       |       |     2 |     1 ||     3
         Phantom mirror    |       |       |       |       |       |     2 |       ||     2
    Use: Scroll            |       |     9 |     8 |    15 |     7 |    13 |     7 ||    59
         Potion            |       |       |     5 |    18 |     7 |     6 |     3 ||    39
   Stab: Sleeping          |     3 |     7 |     1 |     1 |       |       |       ||    12
         Distracted        |       |       |     2 |     1 |    16 |    10 |     4 ||    33
         Held in net/web   |       |       |     1 |    14 |       |       |       ||    15
         Invisible         |       |       |       |     9 |     5 |     5 |       ||    19
         Confused          |       |       |       |       |       |     1 |     2 ||     3
 Armour: Leather armour    |    29 |    35 |    10 |   135 |       |       |       ||   209
         Ring mail         |       |    61 |   148 |       |       |       |       ||   209
         Skin              |       |       |    39 |       |    10 |       |       ||    49
         Scale mail        |       |       |       |   164 |   184 |       |       ||   348
         Chain mail        |       |       |       |       |   354 |   979 |   355 ||  1688
  Dodge: Dodged            |    29 |   104 |   200 |   293 |   623 |   881 |   315 ||  2445
  Block: Buckler           |       |       |       |       |    46 |       |       ||    46
         Kite shield       |       |       |       |       |    32 |   279 |       ||   311
         Reflection        |       |       |       |       |     5 |       |       ||     5
         Tower shield      |       |       |       |       |       |  1197 |   740 ||  1937
